[ PARTIDA AOE2 · #477745231 ]
UnrankedIndostaníes vs Italians
[ ANÁLISIS DE REPETICIÓN · EXTRAÍDO DE LA PARTIDA GRABADA ]
Feudal
—
Castillos
—
Imperial
—
| APM promedio | 20.0 |
| APM pico | 35 |
| eAPM promedio | 8.2 |
| Aldeanos / militares | 6 / 0 |
Foco
⚔️ 4.2% · 🌾 95.8%
Feudal
—
Castillos
—
Imperial
—
| APM promedio | 6.1 |
| APM pico | 12 |
| eAPM promedio | 3.7 |
| Aldeanos / militares | 10 / 0 |
Foco
⚔️ 0.0% · 🌾 100.0%
Feudal
—
Castillos
—
Imperial
—
| APM promedio | 36.8 |
| APM pico | 90 |
| eAPM promedio | 10.7 |
| Aldeanos / militares | 8 / 0 |
Foco
⚔️ 3.5% · 🌾 96.5%
Feudal
—
Castillos
—
Imperial
—
| APM promedio | 23.0 |
| APM pico | 50 |
| eAPM promedio | 6.4 |
| Aldeanos / militares | 6 / 0 |
Foco
⚔️ 5.0% · 🌾 95.0%
Fishing Ship ×5
Feudal
—
Castillos
—
Imperial
—
| APM promedio | 17.8 |
| APM pico | 26 |
| eAPM promedio | 9.0 |
| Aldeanos / militares | 10 / 0 |
Foco
⚔️ 0.0% · 🌾 100.0%
Feudal
—
Castillos
—
Imperial
—
| APM promedio | 18.8 |
| APM pico | 40 |
| eAPM promedio | 6.7 |
| Aldeanos / militares | 7 / 0 |
Foco
⚔️ 4.3% · 🌾 95.7%
Fishing Ship ×1
Feudal
—
Castillos
—
Imperial
—
| APM promedio | 12.8 |
| APM pico | 30 |
| eAPM promedio | 4.6 |
| Aldeanos / militares | 8 / 0 |
Foco
⚔️ 4.5% · 🌾 95.5%
Feudal
—
Castillos
—
Imperial
—
| APM promedio | 6.4 |
| APM pico | 11 |
| eAPM promedio | 4.7 |
| Aldeanos / militares | 6 / 0 |
Foco
⚔️ 6.2% · 🌾 93.8%
Mapa de la partida
Recursos iniciales + cada clic de construcción. Líneas = muros · curvas = relieve. ◆ oro · ⬟ piedra · ● bayas · ✦ reliquia · ◌ hueco del cierre
Tu base
Base de POL POT
Base de Công An Xã
Base de BARON UNGERN
Base de 420Fighter
Base de bagelbi777
Base de sonson74
Base de 骄傲的游骑兵
Terreno inicial suavizado · ◌ = hueco del cierre detectado · pasá el cursor para detalles
Inputs por minuto
— tleyberd - - POL POT
Build order — tleyberd
12 acciones detectadas en el replay
| 1:45 | Construir | Town Center |
| 3:58 | Crear | Villager (Male) |
| 3:58 | Crear | Villager (Male) |
| 3:59 | Crear | Villager (Male) |
| 3:59 | Crear | Villager (Male) |
| 4:04 | Construir | House |
| 4:06 | Construir | House |
| 4:34 | Construir | Palisade Wall |
| 5:35 | Crear | Villager (Male) |
| 5:36 | Crear | Villager (Male) |
| 6:13 | Construir | Dock |
| 6:22 | Investigar | Loom |
Build order — POL POT
11 acciones detectadas en el replay
| 1:37 | Construir | Town Center |
| 3:31 | Investigar | Loom |
| 3:32 | Crear | Villager (Male) ×4 |
| 3:32 | Crear | Villager (Male) ×4 |
| 3:51 | Construir | House |
| 3:53 | Construir | House |
| 3:56 | Construir | House |
| 3:57 | Construir | House |
| 4:10 | Construir | Lumber Camp |
| 6:02 | Crear | Villager (Male) |
| 6:02 | Crear | Villager (Male) |
Build order — Công An Xã
12 acciones detectadas en el replay
| 2:22 | Construir | Town Center |
| 4:04 | Construir | House |
| 4:04 | Construir | House |
| 4:07 | Crear | Villager (Male) |
| 4:07 | Crear | Villager (Male) |
| 4:07 | Crear | Villager (Male) |
| 4:09 | Investigar | Loom |
| 4:11 | Crear | Villager (Male) |
| 4:19 | Crear | Villager (Male) |
| 4:20 | Crear | Villager (Male) |
| 5:23 | Crear | Villager (Male) |
| 6:20 | Crear | Villager (Male) |
Build order — BARON UNGERN
13 acciones detectadas en el replay
| 0:53 | Construir | Town Center |
| 2:20 | Construir | Dock |
| 2:22 | Construir | House |
| 3:23 | Crear | Villager (Male) ×4 |
| 4:10 | Investigar | Loom |
| 4:39 | Crear | Fishing Ship |
| 4:39 | Crear | Fishing Ship |
| 4:55 | Construir | House |
| 5:34 | Crear | Fishing Ship |
| 5:34 | Crear | Fishing Ship |
| 5:58 | Crear | Villager (Male) |
| 5:59 | Crear | Villager (Male) |
| 6:11 | Crear | Fishing Ship |
Build order — 420Fighter
14 acciones detectadas en el replay
| 0:27 | Construir | Town Center |
| 0:59 | Construir | House |
| 2:39 | Construir | House |
| 3:05 | Crear | Villager (Male) |
| 3:05 | Crear | Villager (Male) |
| 3:07 | Crear | Villager (Male) |
| 3:07 | Crear | Villager (Male) |
| 4:55 | Crear | Villager (Male) |
| 4:56 | Crear | Villager (Male) |
| 5:36 | Construir | Lumber Camp |
| 5:41 | Crear | Villager (Male) |
| 5:41 | Crear | Villager (Male) |
| 6:05 | Crear | Villager (Male) |
| 6:06 | Crear | Villager (Male) |
Build order — bagelbi777
13 acciones detectadas en el replay
| 1:17 | Construir | Town Center |
| 1:46 | Construir | Dock |
| 1:48 | Construir | House |
| 3:29 | Crear | Villager (Male) |
| 3:30 | Crear | Villager (Male) |
| 4:06 | Crear | Villager (Male) |
| 4:40 | Crear | Villager (Male) |
| 5:17 | Crear | Villager (Male) |
| 5:17 | Crear | Villager (Male) |
| 5:57 | Construir | House |
| 5:58 | Construir | House |
| 6:00 | Crear | Fishing Ship |
| 6:25 | Crear | Villager (Male) |
Build order — sonson74
12 acciones detectadas en el replay
| 1:39 | Construir | Town Center |
| 1:53 | Construir | House |
| 2:26 | Construir | Dock |
| 2:33 | Construir | House |
| 3:49 | Crear | Villager (Male) |
| 3:49 | Crear | Villager (Male) |
| 3:50 | Crear | Villager (Male) |
| 3:50 | Crear | Villager (Male) |
| 4:25 | Crear | Villager (Male) |
| 4:46 | Crear | Villager (Male) |
| 5:22 | Crear | Villager (Male) |
| 6:16 | Crear | Villager (Male) |
Build order — 骄傲的游骑兵
10 acciones detectadas en el replay
| 0:56 | Construir | Town Center |
| 2:21 | Construir | House |
| 2:21 | Construir | House |
| 3:27 | Crear | Villager (Male) |
| 3:27 | Crear | Villager (Male) |
| 3:27 | Crear | Villager (Male) |
| 3:28 | Crear | Villager (Male) |
| 3:28 | Crear | Villager (Male) |
| 3:28 | Crear | Villager (Male) |
| 3:39 | Construir | Dock |
Cronología de la partida
| 1:46 | bagelbi777 · first_building Dock |
| 2:20 | BARON UNGERN · first_building Dock |
| 2:26 | sonson74 · first_building Dock |
| 3:39 | 骄傲的游骑兵 · first_building Dock |
| 4:34 | tleyberd · wall_segment Palisade Wall x16 |
| 6:13 | tleyberd · first_building Dock |
| 6:27 | 骄傲的游骑兵 · resign |
[ ANÁLISIS IA · 1 CRÉDITO ]
¿Qué pasó realmente en esta partida?
Wolo.gg analiza cada decisión: build order, eco, micro, errores típicos por bracket. Análisis personalizado por WhatsApp o Discord en 30 segundos.
Guía civ
Indostaníes
Perfil
Jugador #2896479